Map: Ley Lines

Players

Vaisravana - Winner!

  • Race: Zerg Zerg
  • Spawn Location: 1:00

A.I. 2 (Very Easy)

  • Race: Terran Terran
  • Spawn Location: 7:00

VOD

Have the link to the VOD?

Description

Time

  • Played on: July 29, 2025, 4:44 p.m.
  • Length: 6:20
Show
View Real Time Build Order
Export as new Build Order

Vaisravana Zerg - Winner!

Build Orders: Hatch First 

Get SALT Encoding   

  12  0:00  Drone  
  13  0:12  Overlord  
  13  0:18  Drone  
  14  0:30  Drone x2  
  16  0:47  Hatchery  
  15  0:50  Drone  
  15  0:54  Drone  
  17  0:59  Drone  
  18  1:10  Extractor  
  17  1:14  Spawning Pool  
  17  1:17  Drone  
  17  1:20  Drone  
  18  1:28  Drone  
  19  1:39  Drone  
  20  1:50  Overlord  
  20  2:00  Queen x2  
  24  2:01  Zergling x2  
  24  2:02  Zergling x2  
  26  2:10  Metabolic Boost  
  26  2:13  Drone  
  26  2:14  Drone  
  28  2:20  Drone  
  30  2:22  Drone  
  30  2:32  Drone x2  
  30  2:36  Queen  
  34  2:41  Overlord  
  34  2:49  Lair  
  34  2:54  Drone x2  
  36  3:00  Extractor, Drone  
  36  3:06  Overlord  
  36  3:08  Drone x3  
  39  3:15  Drone x2  
  39  3:16  Drone  
  42  3:21  Baneling Nest  
  42  3:22  Drone  
  42  3:27  Drone  
  42  3:28  Drone  
  42  3:29  Drone  
  45  3:34  Zergling x2  
  46  3:43  Drone x2  
  46  3:46  Overseer  
  48  3:53  Hatchery  
  47  3:57  Zergling x10  
  52  4:07  Overlord, Centrifugal Hooks  
  52  4:08  Overlord  
  51  4:21  Baneling x4  
  51  4:22  Baneling x2  
  51  4:28  Zergling x12  
  51  4:31  Zergling x6  
  60  4:40  Zergling x2  
  60  4:44  Overlord  
  60  4:45  Overlord  
  61  4:47  Zergling x4  
  63  4:53  Zergling x4  
  65  5:01  Zergling x4  
  67  5:07  Zergling x6  
  67  5:08  Zergling x2  
  71  5:18  Overlord  
  71  5:21  Zergling x10  
  71  5:26  Zergling x2  
  77  5:31  Baneling  
  77  5:32  Baneling x16  
  77  5:34  Zergling x10  
  82  5:39  Zergling x2  
  82  5:40  Zergling x2  
  84  5:46  Zergling x2  
  84  5:49  Zergling x6  
  88  5:54  Drone  
  88  5:56  Drone x3, Evolution Chamber  
  88  5:57  Evolution Chamber, Drone x3  
  88  6:00  Drone  
  88  6:03  Drone  
  83  6:18  Extractor x2  
Show
View Real Time Build Order
Export as new Build Order

A.I. 2 (Very Easy) Terran 

Build Orders: Reaper Expand 

Get SALT Encoding   

  12  0:00  SCV  
  13  0:13  SCV  
  14  0:18  Supply Depot  
  14  0:43  Barracks  
  14  1:02  Command Center  
  14  1:30  Orbital Command, Supply Depot  
  14  1:31  Marine  
  15  1:36  Refinery  
  15  1:47  Refinery  
  15  1:56  SCV  
  16  2:08  SCV  
  17  2:14  SCV  
  17  2:15  Reaper  
  19  2:21  SCV  
  20  2:28  SCV  
  21  2:35  SCV  
  22  2:42  SCV  
  23  2:49  SCV  
  24  2:57  SCV  
  25  2:59  Marine  
  25  3:04  SCV  
  27  3:09  Refinery  
  27  3:11  SCV  
  28  3:18  SCV, Factory  
  29  3:43  Refinery  
  29  3:44  SCV, Barracks Tech Lab  
  30  3:51  SCV  
  31  3:56  Supply Depot  
  31  3:59  SCV  
  32  4:02  Marine  
  32  4:05  Starport  
  32  4:06  SCV  
  34  4:13  SCV  
  35  4:20  SCV  
  36  4:28  SCV  
  36  4:31  Supply Depot  
  37  4:35  SCV  
  38  4:42  SCV  
  38  4:43  Starport Tech Lab  
  39  4:48  Marauder  
  39  4:49  SCV  
  42  4:56  SCV  
  43  5:03  Raven  
  43  5:04  SCV  
  46  5:11  SCV  
  46  5:18  SCV  
  47  5:25  SCV  
  48  5:33  SCV, Marine  
  49  5:38  Raven  
  51  5:56  SCV, Supply Depot  
  44  6:03  SCV  
Tags
 
Add a new tag
Caveats
  • Supply blocks, unpowered buildings, or Contaminate may cause inaccurate times.
  • Supply counts are checked every 10 seconds.